 Dungeon Crawl Stone Soup version 0.31-a0-618-g7ca08c1ff9 (webtiles) character file.

Game seed: 1832298320354415003

20261 thirtiethelement the Slicer (level 12, -16/91 HPs)
             Began as a Demonspawn Cinder Acolyte on Aug 23, 2023.
             Was a Priest of Ignis.
             Demolished by an ettin
             ... wielding a +0 dire flail
              (23 damage)
             ... on level 2 of the Orcish Mines.
             The game lasted 00:39:16 (12624 turns).

thirtiethelement the Slicer (DsCA)                 Turns: 12624, Time: 00:39:17

Health: -16/91     AC: 13    Str: 20    XL:     12   Next: 43%
Magic:  34/34      EV: 17    Int: 14    God:    Ignis [***...]
Gold:   557        SH: 10    Dex:  9    Spells: 22/29 levels left

rFire   + + .        s - +7 dagger of the Postmodern Ghosts {speed, Contam Str+9 Int-5}
rCold   + + +        G - +0 buckler
rNeg    . . .        w - +2 ring mail {rC+}
rPois   +            (helmet unavailable)
rElec   .            k - scarf of Couf {rC+ rF+, +Inv rPois Str-5}
rCorr   .            C - +0 pair of gloves
SInv    +            o - +0 pair of boots
Will    .....        (no amulet)
Stlth   ++           l - +5 ring of evasion
HPRegen 0.35/turn    y - ring of magical power
MPRegen 0.48/turn

%: no passive effects
@: slowed, very slow
A: antennae 3, molten scales 2, ignite blood 1, magic regeneration, large bone
plates 2, cold resistance 1
a: Renounce Religion, Evoke Invisibility, Fiery Armour, Foxfire Swarm, Rising
Flame


You were on level 2 of the Orcish Mines.
You worshipped Ignis.
Ignis was most pleased with you.
You visited 3 branches of the dungeon, and saw 14 of its levels.
You also visited: Ossuary.

You collected 557 gold pieces.

Inventory:

Hand Weapons
 s - the +7 dagger of the Postmodern Ghosts (weapon) {speed, Contam Str+9 Int-5}
   (You found it on level 4 of the Dungeon)

   Str+9:     It affects your strength (+9).
   Int-5:     It affects your intelligence (-5).
   Contam:    It causes magical contamination when unequipped.
Armour
 k - the scarf of Couf (worn) {rC+ rF+, +Inv rPois Str-5}
   (You acquired it on level 7 of the Dungeon)

   Str-5:     It affects your strength (-5).
   rPois:     It protects you from poison +Inv: It lets you turn invisible.
 o - a +0 pair of boots (worn)
 w - a +2 ring mail of cold resistance (worn)
 C - a +0 pair of gloves (worn)
 G - a +0 buckler (worn)
Jewellery
 l - a +5 ring of evasion (left hand)
 p - a ring of positive energy
 v - the ring "Piliruef" {rF+ Will+ Str+3 Stlth-}
   (You acquired it on level 7 of the Dungeon)

   [ring of protection from fire]

   Str+3:     It affects your strength (+3).
   rF+:       It protects you from fire.
   Will+:     It increases your willpower.
   Stlth-:    It makes you less stealthy.
 y - a ring of magical power (right hand)
 K - a +4 ring of protection
Talismans
 u - a blade talisman
Wands
 a - a wand of mindburst (23)
 m - a wand of charming (28)
 B - a wand of polymorph (13)
Scrolls
 b - 3 scrolls of enchant weapon {unknown}
 c - 5 scrolls of teleportation
 d - 3 scrolls of brand weapon
 f - 4 scrolls of immolation
 h - a scroll of torment {unknown}
 n - 3 scrolls of fog {unknown}
 x - 5 scrolls of vulnerability
 F - 3 scrolls of fear {unknown}
 I - 2 scrolls of revelation {unknown}
 J - a scroll of blinking {unknown}
 L - a scroll of silence {unknown}
Potions
 e - 3 potions of mutation
 g - 4 potions of lignification {unknown}
 i - a potion of invisibility {unknown}
 j - 4 potions of heal wounds
 q - a potion of magic {unknown}
 r - 5 potions of curing {unknown}
 t - 2 potions of berserk rage
 z - 6 potions of might
 A - 4 potions of attraction {unknown}
 D - a potion of ambrosia {unknown}
 E - a potion of resistance {unknown}
 H - a potion of brilliance {unknown}


   Skills:
 + Level 7.1 Fighting
 * Level 9.8 Short Blades
 - Level 3.5 Axes
 + Level 5.8 Armour
 + Level 5.5 Dodging
 + Level 5.3 Stealth
 + Level 2.0 Shields
 + Level 9.2 Spellcasting
 + Level 2.1 Necromancy
 + Level 8.9 Fire Magic
 + Level 0.4 Evocations


You had 22 spell levels left.
You knew the following spells:

 Your Spells              Type           Power      Damage    Failure   Level
a - Scorch                Fire           62%        2d7       1%          2
b - Necrotise             Necr           48%        1d6       10%         1
c - Slow                  Hex            24%        N/A       24%         1
d - Volatile Blastmotes   Fire/Tloc      36%        2d13      11%         3

Your spell library contained the following spells:

 Spells                   Type           Power      Damage    Failure   Level
 Inner Flame              Hex/Fire       18%        N/A       11%         3
 Kiss of Death            Conj/Necr      36%        2d8       16%         1
 Sting                    Tmut/Pois      24%        1d4       24%         1
 Vampiric Draining        Necr           12%        2d6       28%         3
 Poisonous Vapours        Pois/Air       12%        N/A       34%         2
 Flame Wave               Conj/Fire      18%        2d7       36%         4
 Sticky Flame             Conj/Fire      18%        2d4       36%         4
 Confusing Touch          Hex            6%         N/A       56%         3
 Dazzling Flash           Conj/Hex       12%        N/A       56%         3
 Dispel Undead            Necr           12%        3d9       67%         4
 Fulminant Prism          Conj/Hex       3%         3d5       93%         4
 Iskenderun's Mystic Bla  Conj/Tloc      6%         2d4       93%         4
 Olgreb's Toxic Radiance  Pois           6%         N/A       93%         4
 Agony                    Necr           12%        N/A       95%         5
 Starburst                Conj/Fire      9%         6d5       99%         6
 Iskenderun's Battlesphe  Conj           6%         2d6       100%        5
 Summon Forest            Summ/Tloc      3%         N/A       100%        5
 Summon Mana Viper        Hex/Summ       6%         N/A       100%        5
 Leda's Unmaking          Conj/Erth      3%         9d1       100%        6
 Summon Cactus Giant      Summ           3%         N/A       100%        6
 Spellforged Servitor     Conj/Summ      3%         N/A       100%        7
 Maxwell's Capacitive Co  Air            3%         ∞         100%        8


Dungeon Overview and Level Annotations

Branches:
Dungeon (11/15)            Temple (1/1) D:6            Lair (0/5) D:11
    Orc (2/2) D:10        Ossuary (visited)
    Elf: Orc:2

Altars:
Ashenzari
Cheibriados
Dithmenos
Fedhas
Gozag
Hepliaklqana
Kikubaaqudgha
Makhleb
Nemelex Xobeh
Okawaru
Qazlal
Ru
Sif Muna
Trog
Uskayaw
Vehumet
Wu Jian
Xom
Yredelemnul

Annotations:
Orc:1 Sonja


Innate Abilities, Weirdness & Mutations

You have a pair of large antennae on your head. (SInv)
You are mostly covered in molten scales. (AC +3)
Your demonic aura sometimes causes spilled blood to erupt in flames.
You regenerate magic rapidly.
You are mostly covered in large bone plates. (SH +6)
Your flesh is cold resistant. (rC+)


Message History

The foxfire hits the ettin but does no damage.
The ettin is moderately wounded.
The foxfire hits the ettin but does no damage.
The ettin is moderately wounded.
The foxfire hits the ettin.
The ettin is heavily wounded.
The foxfire hits the ettin.
The ettin is heavily wounded.
The foxfire hits the ettin.
The ettin is heavily wounded.
The foxfire hits the ettin.
The ettin is heavily wounded.
The foxfire hits the ettin.
The ettin is heavily wounded.
The foxfire hits the ettin but does no damage.
The ettin is heavily wounded.
The foxfire hits the ettin but does no damage.
The ettin is heavily wounded.
The foxfire hits the ettin but does no damage.
The ettin is heavily wounded.
The foxfire hits the ettin but does no damage.
The ettin is heavily wounded.
The foxfire hits the ettin but does no damage.
The ettin is heavily wounded.
The foxfire hits the ettin but does no damage.
The ettin is heavily wounded.
The foxfire hits the ettin.
The ettin is heavily wounded.
The foxfire hits the ettin but does no damage.
The ettin is heavily wounded.
The foxfire hits the ettin.
The ettin is severely wounded.
The foxfire hits the ettin.
The ettin is severely wounded.
The foxfire hits the ettin but does no damage.
The ettin is severely wounded.
The ettin hits you with a +0 dire flail!!
* * * LOW HITPOINT WARNING * * *
The ettin hits you with a +0 dire flail!!
You die...

.....................
.....................
.......#.............
..#................
###.§....[.........
##...§...........#.
###§.)<§........#.
###..§.C.§......#...
.....§§@§§§.........
.....§§§§§......#...
........#...........
#.......#....##.#...
#.............###
#....#..#....##
....##......#.# #.##
##.. ....


You could see an ettin.

Vanquished Creatures
  A two-headed ogre (D:10)
  Amaemon (D:11)
  A necromancer (D:10)
  An orc sorcerer (Orc:2)
  Jeremiah (D:9)
  An unseen horror (D:10)
  An orange demon (D:11)
  A komodo dragon (D:11)
  2 hornets (D:10)
  4 trolls
  A shadow (D:10)
  4 yaks
  A vampire (D:10)
  2 wyverns
  3 steam dragons
  7 vampire mosquitoes (D:10)
  2 wargs
  2 water moccasins
  2 black bears
  5 orc warriors
  4 sky beasts
  3 ice beasts
  5 ogres
  6 centaurs
  A kobold brigand (D:6)
  3 phantoms
  4 scorpions
  5 bullfrogs
  A gnoll sergeant (D:11)
  5 water moccasin zombies (Ossuary)
  17 killer bees
  2 howler monkeys
  3 jellies
  5 hounds
  A gnoll bouda (D:6)
  4 orc priests
  3 iguanas
  7 orc wizards
  5 yak simulacra (D:10)
  A polar bear simulacrum (D:10)
  2 wolf simulacra (D:10)
  2 mummies (Ossuary)
  17 gnolls
  10 adders
  3 shadow imps
  A white imp (D:7)
  2 ufetubi (D:5)
  2 adder zombies (Ossuary)
  3 worms
  4 dart slugs
  38 orcs
  5 ball pythons
  5 endoplasms
  A giant cockroach (D:4)
  5 gnoll zombies (Ossuary)
  17 goblins
  8 hobgoblins
  6 jackals (D:2)
  6 quokkas
  A bat (D:3)
  5 frilled lizards
  6 hobgoblin zombies (Ossuary)
  11 kobolds
  3 kobold zombies (Ossuary)
  5 orc zombies (Ossuary)
  7 rats
  3 river rat simulacra (D:10)
  A butterfly (D:6)
307 creatures vanquished.

Vanquished Creatures (others)
  An orc warrior (D:6)
  A hound (D:6)
  An orc wizard (D:6)
  55 foxfires
58 creatures vanquished.

Grand Total: 365 creatures vanquished

Notes
Turn   | Place    | Note
-------+----------+-------------------------------------------
     0 | D:1      | thirtiethelement the Demonspawn Cinder Acolyte began the
                  | quest for the Orb.
     0 | D:1      | Reached XP level 1. HP: 18/18 MP: 2/2
    97 | D:1      | Gained mutation: You are partially covered in molten
                  | scales. (AC +2) [demonic ancestry]
    97 | D:1      | Reached XP level 2. HP: 4/24 MP: 3/3
   101 | D:1      | Learned a level 2 spell: Scorch
   543 | D:1      | Learned a level 1 spell: Necrotise
   823 | D:1      | Reached XP level 3. HP: 22/29 MP: 2/5
   833 | D:1      | Learned a level 1 spell: Slow
  1171 | D:2      | Reached XP level 4. HP: 34/35 MP: 1/6
  1577 | D:2      | Found a faded altar of an unknown god.
  1851 | D:2      | Identified the +2 scale mail of Dice, Bag, and Bottle
                  | {rElec rN+ Int+2}
  2341 | D:3      | Found a burning altar of Makhleb.
  2764 | D:3      | Found a faded altar of an unknown god.
  2802 | D:3      | Gained mutation: You regenerate magic rapidly. [demonic
                  | ancestry]
  2802 | D:3      | Reached XP level 5. HP: 37/41 MP: 2/9
  2969 | D:3      | Found an ornate altar of the Wu Jian Council.
  3103 | D:4      | Found a bloodstained altar of Trog.
  3151 | D:4      | Noticed a phantom
  3158 | D:4      | Killed a phantom
  3159 | D:4      | Reached skill level 1 in Necromancy
  3374 | D:4      | Identified the +7 dagger of the Postmodern Ghosts {speed,
                  | Contam Str+9 Int-5}
  3412 | D:4      | Noticed a black bear
  3419 | D:4      | Killed a black bear
  3420 | D:4      | Reached XP level 6. HP: 47/47 MP: 3/11
  3811 | D:4      | Reached skill level 1 in Stealth
  3945 | D:4      | Reached skill level 1 in Short Blades
  4045 | D:5      | Entered Level 5 of the Dungeon
  4185 | D:5      | Gained mutation: Your demonic aura sometimes causes spilled
                  | blood to erupt in flames. [demonic ancestry]
  4185 | D:5      | Reached XP level 7. HP: 41/52 MP: 3/13
  4510 | D:5      | Reached skill level 1 in Dodging
  4930 | D:6      | Found a staircase to the Ecumenical Temple.
  4938 | Temple   | Entered the Ecumenical Temple
  5033 | D:6      | Reached skill level 1 in Armour
  5033 | D:6      | Reached skill level 5 in Spellcasting
  5036 | D:6      | Reached skill level 5 in Fire Magic
  5036 | D:6      | Gained mutation: You have a pair of small antennae on your
                  | head. [demonic ancestry]
  5036 | D:6      | Reached XP level 8. HP: 56/58 MP: 3/15
  5063 | D:6      | Noticed a troll
  5069 | D:6      | Killed a troll
  5337 | D:6      | Found a shimmering altar of Xom.
  6051 | D:6      | Gained mutation: You have a pair of antennae on your head.
                  | [demonic ancestry]
  6051 | D:6      | Reached XP level 9. HP: 64/64 MP: 16/18
  6089 | D:6      | Found an iron altar of Okawaru.
  6737 | D:7      | Reached skill level 5 in Fighting
  6737 | D:7      | Gained mutation: You are mostly covered in molten scales.
                  | (AC +3) [demonic ancestry]
  6737 | D:7      | Reached XP level 10. HP: 74/74 MP: 19/21
  6738 | D:7      | Reached skill level 5 in Armour
  6738 | D:7      | Reached XP level 11. HP: 82/82 MP: 19/23
  6740 | D:7      | Identified 3 scrolls of acquirement
  6741 | D:7      | Acquired the scarf of Couf {rC+ rF+, +Inv rPois Str-5}
  6742 | D:7      | Acquired a book of Flames
  6748 | D:7      | Learned a level 3 spell: Volatile Blastmotes
  6748 | D:7      | Acquired the ring "Piliruef" {rF+ Will+ Str+3 Stlth-}
  6799 | D:7      | Gained mutation: You are partially covered in large bone
                  | plates. (SH +4) [potion of mutation]
  6799 | D:7      | Gained mutation: You are mostly covered in large bone
                  | plates. (SH +6) [potion of mutation]
  6799 | D:7      | Gained mutation: Your flesh is cold resistant. (rC+)
                  | [potion of mutation]
  6858 | D:7      | Reached skill level 5 in Stealth
  7392 | D:8      | Reached skill level 5 in Dodging
  7496 | D:8      | Found a sand-covered staircase.
  7516 | Ossuary  | Entered an ossuary
  8533 | D:9      | Found a hide-covered altar of Uskayaw.
  8820 | D:9      | Found a shimmering blue altar of Sif Muna.
  9035 | D:9      | Noticed Jeremiah
  9258 | D:9      | Killed Jeremiah
  9534 | D:10     | Entered Level 10 of the Dungeon
  9542 | D:10     | Found a staircase to the Orcish Mines.
 10059 | D:10     | Found a basalt altar of Yredelemnul.
 10286 | D:10     | Noticed a two-headed ogre
 10304 | D:10     | Killed a two-headed ogre
 10305 | D:10     | Reached skill level 1 in Shields
 10305 | D:10     | Gained mutation: You have a pair of large antennae on your
                  | head. (SInv) [demonic ancestry]
 10305 | D:10     | Reached XP level 12. HP: 87/89 MP: 24/24
 11561 | D:11     | Noticed Amaemon
 11600 | D:11     | Killed Amaemon
 11900 | D:11     | Found a staircase to the Lair.
 12241 | Orc:1    | Entered Level 1 of the Orcish Mines
 12578 | Orc:2    | Entered Level 2 of the Orcish Mines
 12611 | Orc:1    | Noticed an ettin
 12612 | Orc:1    | Noticed Sonja
 12624 | Orc:2    | Demolished by an ettin

Illustrated notes

Levels and vault maps discovered:
D:1:      matt_arrival_diagonals, layout_basic, minmay_indecisive_spiral
D:2:      layout_loops_ring, basic_altar, hellmonk_ecumenical_altar_heavens_door
D:3:      layout_rooms, mainiacjoe_overflow_paths,
          nicolae_overflow_ecumenical_swirl, serial_forest,
          infiniplex_forest_clump_medium, infiniplex_forest_clump_curved,
          infiniplex_forest_clump_double, infiniplex_forest_clump_cross,
          infiniplex_forest_clump_curved, infiniplex_forest_lined_3, st_stairs_6
D:4:      layout_loops_corners, trog_three_pillars_becter, item_on_display_a
D:5:      layout_gridville
D:6:      layout_basic, xom_confusion_cloud, minmay_temple_entry_butterflies,
          hangedman_feature_mirror, minmay_tree_intersection
D:7:      corexii_shantytown, layout_loops_ring
D:8:      layout_basic, nicolae_ossuary_entry_ruins
D:9:      layout_roguey, led_sif_book, pf_just_have_faith,
          roderic_roman_lattice, uniq_jeremiah
D:10:     layout_layer_cave, nicolae_overflow_crystal_walls, orc_0_dummy,
          chequers_decorated_corner, minmay_misc_feat_tower,
          hangedman_decor_opposing, eino_house_with_fridge
D:11:     layout_loops_ring, grunt_lair_entry_orc_guard_hut, abandoned_shop,
          grunt_ministairs_8, uniq_amaemon
Temple:   bh_familiar_temple
Orc:1:    layout_caves, basic_altar, okawaru_metal_pillars_1_2, uniq_sonja
Orc:2:    st_orc_rangers, layout_caves

Skill      XL: |  1  2  3  4  5  6  7  8  9 10 11 12 |
---------------+-------------------------------------+-----
Axes           | 3 |  3.5
Fire Magic     | 3 4 5 6 7 8 |  8.9
Spellcasting   | 2 3 4 5 6 7 8 9 |  9.2
Necromancy     | 1 2 |  2.1
Stealth        | 1 4 5 |  5.3
Short Blades   | 1 2 4 7 8 9 |  9.8
Dodging        | 1 4 5 |  5.5
Armour         | 1 4 5 |  5.8
Fighting       | 5 6 7 |  7.1
Shields        | 1 2 |  2.0
Evocations     | |  0.4

Action                     |  1- 3 |  4- 6 |  7- 9 | 10-12 || total
---------------------------+-------+-------+-------+-------++-------
  Melee: Hand axe          |    82 |    27 |       |       ||   109
         Punch             |     1 |       |     2 |     3 ||     6
         Dagger            |       |    43 |   219 |   903 ||  1165
         War axe           |       |     2 |       |       ||     2
   Cast: Scorch            |    12 |    48 |    54 |    93 ||   207
         Necrotise         |     3 |    31 |     2 |     9 ||    45
 Invoke: Fiery Armour      |       |       |       |     1 ||     1
         Foxfire Swarm     |       |       |       |     3 ||     3
Ability: Evoke Invisibilit |       |       |       |     2 ||     2
  Evoke: Wand              |       |       |       |     3 ||     3
    Use: Scroll            |       |       |     3 |    12 ||    15
         Potion            |       |       |     1 |     4 ||     5
   Stab: Sleeping          |       |     1 |       |    18 ||    19
 Armour: Robe              |    28 |    18 |       |       ||    46
         Ring mail         |       |     2 |    53 |   125 ||   180
  Dodge: Dodged            |    50 |    37 |   123 |   292 ||   502
  Block: Buckler           |       |       |       |   165 ||   165
         Other             |       |       |       |    31 ||    31

Table legend: (Time is in decaauts)
 A = Elapsed time spent in this place.
 B = Non-inter-level travel time spent in this place.
 C = Inter-level travel time spent in this place.
 D = Time resting spent in this place.
 E = Time spent auto-exploring this place.
 F = Levels seen in this place.
 G = Mean time per level.
                   A        B        C        D        E       F      G
               +--------+--------+--------+--------+--------+-----+--------+
         Total |  11986 |  11660 |    326 |   1177 |   8022 |  15 |  799.1 |
       Dungeon |  11585 |  11259 |    326 |   1132 |   7922 |  11 | 1053.2 |
        Temple |      1 |      1 |      0 |      0 |      0 |   1 |    1.0 |
  Orcish Mines |    228 |    228 |      0 |     45 |    100 |   2 |  114.0 |
       Ossuary |    170 |    170 |      0 |      0 |      0 |   1 |  170.0 |
               +--------+--------+--------+--------+--------+-----+--------+

Top non-repeatable levels by time:
     D:6: 1412 daAuts
    D:10: 1378 daAuts
     D:1: 1118 daAuts
     D:7: 1112 daAuts
     D:9: 1088 daAuts
     D:2: 1046 daAuts
    D:11: 1023 daAuts
     D:4: 976 daAuts
     D:3: 908 daAuts
     D:8: 843 daAuts
     D:5: 677 daAuts
   Orc:1: 189 daAuts
 Ossuary: 170 daAuts
   Orc:2: 38 daAuts
  Temple: 1 daAuts
